 Dungeon Crawl Stone Soup version 0.18-a0-1468-gaf180a1 (webtiles) character file.

14 PierrePorte the Grasshopper (level 2, -1/25 HPs)
             Began as a Centaur Warper on Mar 1, 2016.
             Slain by a hobgoblin
             ... wielding a +0 spear
              (2 damage)
             ... on level 1 of the Dungeon.
             The game lasted 00:04:22 (806 turns).

PierrePorte the Grasshopper (Centaur Warper)         Turns: 806, Time: 00:04:22

Health: -1/25      AC:  4    Str: 13    XL:     2   Next: 27%
Magic:  4/4        EV:  9    Int: 12    God:
Gold:   22         SH:  0    Dex:  8    Spells: 1 memorised, 3 levels left

rFire  . . .     SeeInvis .     a - +0 spear
rCold  . . .     Gourm    .     b - +0 leather armour
rNeg   . . .     Faith    .     (no shield)
rPois  .         Spirit   .     (no helmet)
rElec  .         Dismiss  .     (no cloak)
rCorr  .         Reflect  .     (no gloves)
SustAt .         Harm     .     (no barding)
MR     .....                    (no amulet)
Stlth  ..........               (no ring)
                                (no ring)

@: very quick, not resistant to hostile enchantments, extremely unstealthy
A: hooves 3, deformed body, speed 2, tough skin 3
a: no special abilities


You were on level 1 of the Dungeon.
You were not hungry.

You visited 1 branch of the dungeon, and saw 1 of its levels.

You collected 22 gold pieces.

Inventory:

Hand Weapons
 a - a +0 spear (weapon)
Missiles
 e - 5 tomahawks of dispersal (quivered)
 l - 13 bolts
Armour
 b - a +0 leather armour (worn)
 h - a +0 scale mail
Scrolls
 d - a scroll of blinking
 g - a scroll of teleportation
Potions
 j - 2 potions of flight {unknown}
 k - a potion of cancellation {unknown}
Books
 c - a book of Spatial Translocations

   Spells                             Type                      Level
   a - Apportation                    Translocation                1
   b - Blink                          Translocation                2
   c - Shroud of Golubria             Charms/Translocation         2
   d - Portal Projectile              Translocation                3
   e - Teleport Other                 Translocation                3
   f - Passage of Golubria            Translocation                4
Comestibles
 f - 3 bread rations


   Skills:
 * Level 2.4 Fighting
 - Level 1.7 Polearms
 - Level 1.1 Throwing
 - Level 0.6 Armour
 - Level 1.3 Dodging
 - Level 1.5 Spellcasting
 + Level 3.1 Translocations


You had 3 spell levels left.
You knew the following spells:

 Your Spells              Type           Power        Failure   Level  Hunger
a - Apportation           Tloc           #.........   12%         1    ##.....


Dungeon Overview and Level Annotations

Branches:
Dungeon (1/15)

Altars:


Innate Abilities, Weirdness & Mutations

You have hooves in place of feet.
Armour fits poorly on your strangely shaped body.
You cover ground very quickly.
You have extremely tough skin (AC +3).


Message History

You hit the gnoll.
The gnoll is heavily wounded.
The hobgoblin hits you from afar with a spear.
* * * LOW HITPOINT WARNING * * *
The gnoll hits you but does no damage.
You are too injured to fight recklessly!
You are too injured to fight recklessly!
You hit the gnoll.
The gnoll is severely wounded.
The hobgoblin hits you but does no damage.
The gnoll hits you with a whip.
* * * LOW HITPOINT WARNING * * *
You hit the gnoll.
The gnoll is severely wounded.
The hobgoblin hits you but does no damage.
The gnoll barely misses you.
You barely miss the gnoll.
The gnoll is severely wounded.
The hobgoblin hits you from afar with a spear.
You die...

########
#......#
#......#
#......#
#####
#......#
# #...#
#..@...#
# #...#
####g###
####...#
#g#
)......#
#.#
####...#
#.#
#...#
#.#
#...#
#.#
#>..#
#.#
##.##
##.#


You could see a gnoll and a hobgoblin.

Vanquished Creatures
  A goblin (D:1)
  4 hobgoblins (D:1)
  3 jackals (D:1)
  A ball python (D:1)
  A bat (D:1)
  A giant newt (D:1)
  A rat (D:1)
12 creatures vanquished.

Notes
Turn   | Place    | Note
--------------------------------------------------------------
     0 | D:1      | PierrePorte the Centaur Warper began the quest for the Orb.
     0 | D:1      | Reached XP level 1. HP: 17/17 MP: 3/3
   238 | D:1      | Reached skill level 3 in Translocations
   291 | D:1      | Reached XP level 2. HP: 19/24 MP: 4/4
   804 | D:1      | HP: 1/25 [gnoll/whip (6)]
   806 | D:1      | Slain by a hobgoblin

Vault maps used:
D:1:      tarquinn_simple_flora_water_a

Skill      XL: |  1 |
---------------+----+-----
Translocations | 3 |  3.1
Fighting       | |  2.4
Polearms       | |  1.7
Throwing       | |  1.1
Armour         | |  0.6
Dodging        | |  1.3
Spellcasting   | |  1.5

Action                   || total
-------------------------++-------
Melee: Spear             ||    76
  Use: Scroll            ||     1
